 Dungeon Crawl Stone Soup version 0.25-a0-265-g7af84ae0ac (webtiles) character file.

Game seed: 15230603611634444296, levelgen mode: classic

113 Borgoz the Slasher (level 4, -3/41 HPs)
             Began as a Hill Orc Monk on Dec 7, 2019.
             Slain by a leopard gecko (5 damage)
             ... on level 2 of the Dungeon.
             The game lasted 00:01:41 (1875 turns).

Borgoz the Slasher (Hill Orc Monk)                  Turns: 1875, Time: 00:01:41

Health: -3/41      AC:  2    Str: 14    XL:     4   Next: 96%
Magic:  4/4        EV: 13    Int:  8    God:
Gold:   49         SH:  0    Dex: 13    Spells: 3/3 levels left

rFire    . . .     SeeInvis .   a - +0 falchion
rCold    . . .     Gourm    .   (no shield)
rNeg     . . .     Faith    .   b - +0 robe
rPois    .         Spirit   .   (helmet restricted)
rElec    .         Reflect  .   i - scarf {repulsion}
rCorr    .         Harm     .   (no gloves)
MR       .....                  (no boots)
Stlth    ++........             (no amulet)
HPRegen  0.13/turn              (no ring)
MPRegen  0.09/turn              (no ring)

@: repel missiles
A: antennae 1, dopey 1
a: no special abilities


You were on level 2 of the Dungeon.
You were not hungry.

You visited 1 branch of the dungeon, and saw 2 of its levels.

You collected 49 gold pieces.

Inventory:

Hand Weapons
 a - a +0 falchion (weapon)
Armour
 b - a +0 robe (worn)
 i - a scarf of repulsion (worn)
Scrolls
 e - a scroll of enchant weapon {unknown}
 f - a scroll of identify {unknown}
 h - 2 scrolls of amnesia {unknown}
Potions
 j - a potion of cancellation {unknown}
Comestibles
 c - 5 rations


   Skills:
 + Level 4.3 Fighting
 * Level 4.5 Long Blades
 + Level 1.9 Armour
 + Level 3.0 Dodging
 - Level 1.5 Stealth


You had 3 spell levels left.
You didn't know any spells.
Your spell library was empty.

Dungeon Overview and Level Annotations

Branches:
Dungeon (2/15)

Altars:


Innate Abilities, Weirdness & Mutations

You have a pair of small antennae on your head.
You are dopey. (Int -2)


Message History

The leopard gecko barely misses you. The gnoll closely misses you.
You riposte.
You slash the gnoll!
The gnoll is severely wounded.
You barely miss the gnoll.
The gnoll is severely wounded.
The leopard gecko misses you. The gnoll hits you with a +0 whip.
* * * LOW HITPOINT WARNING * * *
The leopard gecko misses you. The gnoll closely misses you.
You riposte.
You hit the gnoll.
You kill the gnoll!
Your Dodging skill increases to level 3!
Things that are here:
a +0 whip; a +0 flail; a gnoll corpse It was a potion of mutation.
You feel extremely strange.
You feel stupid. A pair of antennae grows on your head!
You hit the leopard gecko but do no damage.
The leopard gecko closely misses you. The leopard gecko bites you.
* * * LOW HITPOINT WARNING * * *
You miss the leopard gecko. The leopard gecko bites you.
You die...

........# #......# ........#
#......# ##### ........#
#......# #...# ........#
#......# #...# ........#
#......# ###...# ........#
#......# #.....# ........#
#...†..# #.#.(.#
.......<##### #l# #.#...#
#####<......# #@# ###...###
#.......# #.# #...###
#.......####.# ##.#.#
##.........#.# #..#.#
#......##.#.## #.#..#
###.......#....###.#.##
............##..#...#.#
###...............###.###
####.##...............#######


You could see a leopard gecko.

Vanquished Creatures
  4 gnolls (D:2)
  2 adders (D:2)
  An ooze (D:2)
  A dart slug (D:2)
  3 leopard geckos
  3 giant cockroaches (D:1)
  7 goblins
  2 hobgoblins (D:2)
  4 jackals (D:2)
  3 kobolds
  A quokka (D:2)
  7 bats
  6 frilled lizards
  5 rats
49 creatures vanquished.

Notes
Turn   | Place    | Note
-------+----------+-------------------------------------------
     0 | D:1      | Borgoz the Hill Orc Monk began the quest for the Orb.
     0 | D:1      | Reached XP level 1. HP: 19/19 MP: 1/1
   118 | D:1      | Reached XP level 2. HP: 16/27 MP: 2/2
   327 | D:1      | Reached skill level 1 in Armour
   534 | D:1      | Reached XP level 3. HP: 33/33 MP: 3/3
  1619 | D:2      | Reached XP level 4. HP: 32/40 MP: 4/4
  1873 | D:2      | Gained mutation: You are dopey. (Int -2) [potion of
                  | mutation]
  1873 | D:2      | Gained mutation: You have a pair of small antennae on your
                  | head. [potion of mutation]
  1874 | D:2      | HP: 2/41 [leopard gecko (3)]
  1875 | D:2      | Slain by a leopard gecko

Levels and vault maps discovered:
D:1:      scummos_arrival_simple_fountains, layout_basic
D:2:      layout_rooms, first_ration

Skill      XL: |  1  2  3  4 |
---------------+-------------+-----
Armour         | 1 |  1.9
Fighting       | 4 |  4.3
Long Blades    | 4 |  4.5
Dodging        | 3 |  3.0
Stealth        | |  1.5

Action                   |  1- 3 |  4- 6 || total
-------------------------+-------+-------++-------
Melee: Falchion          |    93 |    39 ||   132
  Use: Potion            |       |     1 ||     1
 Stab: Sleeping          |     3 |       ||     3
  Eat: Chunk             |     2 |     1 ||     3
Armor: Robe              |    29 |     4 ||    33
Dodge: Dodged            |    66 |    35 ||   101
       Rpst.: Falchion   |    27 |    15 ||    42

Table legend:
 A = Non-vault XP
 B = Vault XP
 C = Vault XP percentage of total XP
 D = Non-vault monster count
 E = Vault monster count
 F = Vault count percentage of total count
                 A         B        C        D         E       F
            +---------+---------+-------+---------+---------+-------
      Total |     162 |       0 |   0.0 |      49 |       0 |   0.0
            +---------+---------+-------+---------+---------+-------
        D:1 |      39 |       0 |   0.0 |      25 |       0 |   0.0
        D:2 |     123 |       0 |   0.0 |      24 |       0 |   0.0
            +---------+---------+-------+---------+---------+-------
